 Dungeon Crawl Stone Soup version 0.31-a0-1612-g4aaf141004 (webtiles) character file.

Game seed: 7180845968021292552

176 Aldia the Sneak (level 5, -1/28 HPs)
             Began as a Vampire Enchanter on Jan 9, 2024.
             Slain by a gnoll
             ... wielding a +0 spear
              (7 damage)
             ... on level 4 of the Dungeon.
             The game lasted 00:07:00 (2509 turns).

Aldia the Sneak (Vampire Enchanter)                 Turns: 2509, Time: 00:07:01

Health: -1/28      AC:  3    Str:  7    XL:     5   Next: 30%
Magic:  2/8        EV: 12    Int: 18    God:
Gold:   169        SH:  0    Dex: 16    Spells: 0/8 levels left

rFire   . . .        a - +2 dagger
rCold   + + .        (no shield)
rNeg    + + +        b - +0 robe
rPois   ∞            (no helmet)
rElec   .            (no cloak)
rCorr   .            f - +0 pair of gloves
SInv    +            (no boots)
Will    .....        (no amulet)
Stlth   ++++++       (no ring)
HPRegen 0.00/turn    (no ring)
MPRegen 0.11/turn

%: no passive effects
@: bloodless, inhibited regen, invisible
A: bloodless, fangs 3, see invisible, vampiric 2
a: Bat Form, Revivify


You were on level 4 of the Dungeon.
You visited 1 branch of the dungeon, and saw 4 of its levels.

You collected 169 gold pieces.

Inventory:

Hand Weapons
 a - a +2 dagger (weapon)
Armour
 b - a +0 robe (worn)
 f - a +0 pair of gloves (worn)
Jewellery
 n - an amulet of regeneration
Wands
 i - a wand of flame (21)
Scrolls
 g - a scroll of fear
 l - a scroll of vulnerability
Potions
 c - a potion of invisibility
 d - a potion of lignification {unknown}
 e - 2 potions of berserk rage
 j - a potion of curing
 m - a potion of magic


   Skills:
 + Level 0.1 Fighting
 * Level 3.8 Short Blades
 - Level 2.1 Dodging
 * Level 6.9 Stealth
 - Level 2.0 Spellcasting
 - Level 5.0 Hexes
 - Level 1.0 Ice Magic


You couldn't memorise any spells.
You knew the following spells:

 Your Spells              Type           Power      Damage    Failure   Level
a - Ensorcelled Hibernat  Hex/Ice        24%        N/A       8%          2
b - Confusing Touch       Hex            19%        N/A       7%          3
c - Tukima's Dance        Hex            19%        N/A       7%          3

Your spell library contained the following spells:

 Spells                   Type           Power      Damage    Failure   Level
 Slow                     Hex            76%        N/A       2%          1
 Sigil of Binding         Hex            19%        N/A       7%          3
 Sandblast                Erth           2%         2d4       19%         1
 Dazzling Flash           Conj/Hex       20%        N/A       19%         3
 Sublimation of Blood     Necr           1%         N/A       26%         2
 Ozocubu's Armour         Ice            5%         N/A       34%         3
 Fugue of the Fallen      Necr           1%         N/A       47%         3
 Passwall                 Erth           1%         N/A       47%         3
 Stone Arrow              Conj/Erth      2%         3d7       47%         3
 Vampiric Draining        Necr           1%         2d6       47%         3
 Brom's Barrelling Bould  Conj/Erth      1%         2d3       87%         4
 Manifold Assault         Tloc           1%         N/A       87%         4
 Petrify                  Alch/Erth      1%         N/A       87%         4
 Irradiate                Conj/Alch      0%         3d11      99%         5


Dungeon Overview and Level Annotations

Branches:
Dungeon (4/15)
 Temple: D:4-7

Altars:
Sif Muna


Innate Abilities, Weirdness & Mutations

You do not regenerate when monsters are visible.
You are frail without blood (-20% HP).
You can heal yourself when you bite living creatures.
You are immune to poison.
You have razor-sharp teeth.
You have supernaturally acute eyesight. (SInv)
You are afflicted with vampirism and can become a bat while bloodless.


Message History

The gnoll completely misses your +0 halberd.
The gnoll hits your +0 halberd.
Your +0 halberd falls from the air.
Casting: Tukima's Dance (quite dangerous; 7% risk of failure)
Confirm with . or Enter, or press ? or * to list all spells.
Aiming: Ensorcelled Hibernation (safe; 8% risk of failure)
Press: ? - help, Shift-Dir - straight line, f/p - gnoll
Aim: a gnoll (chance to affect: 54%)
The gnoll resists with significant effort.
Casting: Ensorcelled Hibernation (safe; 8% risk of failure)
Confirm with . or Enter, or press ? or * to list all spells.
Aiming: Ensorcelled Hibernation (safe; 8% risk of failure)
Press: ? - help, Shift-Dir - straight line, f/p - gnoll
Aim: a gnoll (chance to affect: 54%)
The gnoll looks drowsy...
Unknown command.
The helpless gnoll fails to defend itself.
You bite the gnoll, and draw its blood!
You feel better.
You stick the gnoll like a pincushion!!!
You kill the gnoll!
You hear the slow rusting of a drain.
Casting: Ensorcelled Hibernation (safe; 8% risk of failure)
Confirm with . or Enter, or press ? or * to list all spells.
You don't have enough magic to cast this spell.
The gnoll throws a throwing net.
The throwing net closely misses you.
The throwing net hits the rat.
The rat is caught in the net!
The gnoll hits you from afar with a +0 spear.
The rat struggles against the net.
The gnoll closely misses you. The gnoll attacks as it pursues you!
The gnoll hits you from afar with a +0 spear!
The rat struggles against the net.
You hit the gnoll but do no damage.
A scorpion comes into view.
The gnoll closely misses you.
You fade into invisibility!
The rat struggles against the net.
The gnoll hits you from afar with a +0 spear.
* * * LOW HITPOINT WARNING * * *
The gnoll hits you with a +0 spear!
You die...

.#..#.##<# #.#
##.......# .s##
....#.#.## ...#
###.#.#.# ...#
........#### ...#
.##..#.....######...####
.##.....##.##...........
.....#.....†..r.........
.###)#..##.##.g.@..<....
...........##.###g..###.
#######.#####....~~##
#.# ##..~~~# #######.#
#...#~# ........#
.g.~~~# .########
...?~#~# .# ##..~~~~# .#
....~#~#


You could see a scorpion (wandering, unable to see you), 2 gnolls and a rat
(caught, unable to see you).

Vanquished Creatures
  A bombardier beetle (D:3)
  An iguana (D:4)
  An orc wizard (D:3)
  2 adders
  A gnoll (D:4)
  2 ribbon worms
  2 dart slugs
  2 orcs (D:3)
  A ball python (D:1)
  5 endoplasms
  A giant cockroach (D:1)
  4 goblins
  5 hobgoblins
  9 kobolds
  A quokka (D:2)
  8 bats
  6 frilled lizards
  4 rats
56 creatures vanquished.

Vanquished Creatures (others)
  A dancing weapon (D:4)
1 creature vanquished.

Grand Total: 57 creatures vanquished

Notes
Turn   | Place    | Note
-------+----------+-------------------------------------------
     0 | D:1      | Aldia the Vampire Enchanter began the quest for the Orb.
     0 | D:1      | Reached XP level 1. HP: 13/13 MP: 3/3
   207 | D:1      | Reached XP level 2. HP: 15/15 MP: 5/5
   210 | D:1      | Learned a level 2 spell: Ensorcelled Hibernation
   316 | D:1      | Reached skill level 5 in Stealth
   788 | D:2      | Gained mutation: You are afflicted with vampirism and can
                  | become a bat while bloodless. [Vampire growth]
   788 | D:2      | Reached XP level 3. HP: 19/19 MP: 6/6
   792 | D:2      | Learned a level 3 spell: Confusing Touch
   849 | D:2      | You fall into a shaft and drop 1 floor!
   859 | D:3      | Found a shimmering blue altar of Sif Muna.
   993 | D:3      | Reached skill level 1 in Ice Magic
   999 | D:3      | Found a faded altar of an unknown god.
  1039 | D:2      | Reached XP level 4. HP: 24/24 MP: 7/7
  1264 | D:2      | Reached skill level 6 in Stealth
  2122 | D:3      | Reached XP level 5. HP: 28/28 MP: 3/8
  2129 | D:3      | Learned a level 3 spell: Tukima's Dance
  2480 | D:4      | Reached skill level 5 in Hexes
  2509 | D:4      | Slain by a gnoll

Illustrated notes

Levels and vault maps discovered:
D:1:      onia_arrival_pyramid, layout_basic, amcnicky_mini_rare_corridor_liquid
D:2:      layout_loops_corners, grunt_decor_resistance
D:3:      layout_loops_cross, nicolae_sif_muna_condensation,
          ebering_ecumenical_altar_hall
D:4:      layout_loops_cross, lightli_sewer_entry_pipes, nicolae_half_adder

Skill      XL: |  1  2  3  4  5 |
---------------+----------------+-----
Stealth        | 5 6 |  6.9
Short Blades   | 2 3 |  3.8
Ice Magic      | 1 |  1.0
Hexes          | 5 |  5.0
Fighting       | |  0.1
Dodging        | |  2.1
Spellcasting   | |  2.0

Action                     |  1- 3 |  4- 6 || total
---------------------------+-------+-------++-------
  Melee: Dagger            |    63 |    65 ||   128
         Bite              |     5 |     4 ||     9
         Punch             |     1 |       ||     1
   Cast: Ensorcelled Hiber |       |    11 ||    11
         Tukima's Dance    |       |     1 ||     1
Ability: Exsanguinate      |     2 |       ||     2
    Use: Scroll            |     1 |     9 ||    10
         Potion            |       |     1 ||     1
   Stab: Sleeping          |    16 |    17 ||    33
 Armour: Robe              |    26 |    30 ||    56
  Dodge: Dodged            |    25 |    30 ||    55

Table legend: (Time is in decaauts)
 A = Elapsed time spent in this place.
 B = Non-inter-level travel time spent in this place.
 C = Inter-level travel time spent in this place.
 D = Time resting spent in this place.
 E = Time spent auto-exploring this place.
 F = Levels seen in this place.
 G = Mean time per level.
                   A        B        C        D        E       F      G
               +--------+--------+--------+--------+--------+-----+--------+
         Total |   2493 |   2374 |    119 |      3 |   1857 |   4 |  623.2 |
       Dungeon |   2493 |   2374 |    119 |      3 |   1857 |   4 |  623.2 |
               +--------+--------+--------+--------+--------+-----+--------+

Top non-repeatable levels by time:
     D:2: 960 daAuts
     D:3: 803 daAuts
     D:1: 590 daAuts
     D:4: 138 daAuts
